 Dungeon Crawl Stone Soup version 0.30.1-4-g462c640d31 (webtiles) character file.

Game seed: 3966240363704302189

77 rvierbuc the Sneak (level 4, -1/23 HPs)
             Began as a Spriggan Brigand on Aug 21, 2023.
             Killed by divine providence
             ... invoked by an orc priest
              (13 damage)
             ... on level 2 of the Dungeon.
             The game lasted 00:05:37 (1067 turns).

rvierbuc the Sneak (Spriggan Brigand)               Turns: 1067, Time: 00:05:37

Health: -1/23      AC:  3    Str:  7    XL:     4   Next: 14%
Magic:  5/5        EV: 17    Int: 12    God:
Gold:   127        SH:  0    Dex: 18    Spells: 3/3 levels left

rFire   . . .        a - +2 dagger
rCold   . . .        (no shield)
rNeg    . . .        b - +0 robe
rPois   .            (helmet restricted)
rElec   .            c - +0 cloak
rCorr   .            (gloves unavailable)
SInv    +            (boots unavailable)
Will    .....        (no amulet)
Stlth   ++++         (no ring)
HPRegen 0.23/turn    (no ring)
MPRegen 0.09/turn

%: no passive effects
@: very quick
A: very small, no large weapons, unfitting armour, see invisible, speed 3
a: no special abilities


You were on level 2 of the Dungeon.
You visited 1 branch of the dungeon, and saw 2 of its levels.

You collected 127 gold pieces.

Inventory:

Hand Weapons
 a - a +2 dagger (weapon)
 o - a +2 vampiric dagger
Missiles
 d - 9 poisoned darts (quivered)
 e - 3 curare-tipped darts
Armour
 b - a +0 robe (worn)
 c - a +0 cloak (worn)
Jewellery
 m - a ring of fire
Scrolls
 f - a scroll of immolation {unknown}
 g - a scroll of amnesia {unknown}
 j - a scroll of blinking {unknown}
 k - 2 scrolls of identify {unknown}
 n - a scroll of enchant armour {unknown}
Potions
 h - a potion of curing {unknown}
 i - a potion of degeneration {unknown}
 l - a potion of might {unknown}


   Skills:
 + Level 1.7 Fighting
 + Level 3.2 Short Blades
 + Level 2.0 Throwing
 + Level 2.1 Dodging
 + Level 7.3 Stealth


You had 3 spell levels left.
You didn't know any spells.
Your spell library was empty.

Dungeon Overview and Level Annotations

Branches:
Dungeon (2/15)

Altars:


Innate Abilities, Weirdness & Mutations

You are very small and have problems with some larger weapons.
You are too small for most types of armour.
You have supernaturally acute eyesight. (SInv)
You cover ground extremely quickly. (Speed+++)


Message History

n - a scroll labelled JOACRY LATI You barely miss the kobold.
The kobold completely misses you.
You hit the kobold.
You kill the kobold!
Things that are here:
a +2 vampiric dagger; a kobold corpse
o - a +2 vampiric dagger An orc priest, an orc wizard and an orc come into view.
The orc wizard shouts!
You hear a shout!
The orc shouts!
You hear an angry hiss.
The orc priest shouts! 2 orcs and an adder come into view.
A rat comes into view.
You see here a scroll labelled ISEOBE KANING.
You see here a scroll labelled GONTIDGH FEUV.
k - 2 scrolls labelled GONTIDGH FEUV (gained 1)
You hit the orc but do no damage. The orc closely misses you.
You hit the orc.
The orc is heavily wounded.
You hit the orc.
You kill the orc!
You barely miss the orc. The orc misses you.
You hit the orc but do no damage. The orc barely misses you.
You hit the orc but do no damage. The orc hits you with a +0 hand axe.
You closely miss the orc. You hit the orc.
The orc is lightly wounded.
You hit the orc.
The orc is heavily wounded.
You closely miss the orc.
The orc is heavily wounded.
The orc priest hits you from afar with a +0 trident!
The orc misses you.
You hit the orc.
The orc is almost dead.
The orc priest misses you. The orc closely misses you.
You hit the orc.
You kill the orc!
The orc priest invokes the aid of Beogh against you.
Beogh smites you!
Ouch! That really hurt!
You die...

###.......###..#
#..........#
#..#..
#.########.#
#... #. #†# #..
# #.# #.. ...
#.# #.# ..
###.### #.# ..
#.....# #.# .#
#.....# #@#..#
#.....###r#..#
###.....o.o..#
#######o##.#
........# #
.....o...
..Soo..###
....... #######


You could see an orc priest, an orc wizard, an orc and a rat.

Vanquished Creatures
  Jessica (D:2)
  An adder (D:2)
  2 orcs (D:2)
  4 ball pythons
  4 endoplasms
  A giant cockroach (D:1)
  3 goblins (D:2)
  3 hobgoblins
  4 jackals (D:1)
  A quokka (D:1)
  5 bats
  2 frilled lizards (D:1)
  4 kobolds
  6 rats
41 creatures vanquished.

Notes
Turn   | Place    | Note
-------+----------+-------------------------------------------
     0 | D:1      | rvierbuc the Spriggan Brigand began the quest for the Orb.
     0 | D:1      | Reached XP level 1. HP: 10/10 MP: 2/2
    34 | D:1      | Reached skill level 6 in Stealth
   174 | D:1      | Reached XP level 2. HP: 14/14 MP: 3/3
   903 | D:2      | Reached skill level 7 in Stealth
   903 | D:2      | Reached XP level 3. HP: 14/18 MP: 4/4
   909 | D:2      | Noticed Jessica
   923 | D:2      | Killed Jessica
   933 | D:2      | Reached XP level 4. HP: 14/23 MP: 5/5
  1067 | D:2      | Killed from afar by an orc priest

Illustrated notes

Levels and vault maps discovered:
D:1:      minmay_arrival_cross, layout_loops_corners
D:2:      layout_basic, minmay_between, uniq_jessica

Skill      XL: |  1  2  3  4 |
---------------+-------------+-----
Stealth        | 6 7 |  7.3
Short Blades   | 3 |  3.2
Dodging        | 2 |  2.1
Fighting       | |  1.7
Throwing       | |  2.0

Action                     |  1- 3 |  4- 6 || total
---------------------------+-------+-------++-------
  Melee: Dagger            |    99 |    27 ||   126
         Punch             |     1 |       ||     1
   Stab: Sleeping          |     9 |     1 ||    10
         Distracted        |       |     1 ||     1
 Armour: Robe              |    19 |     2 ||    21
  Dodge: Dodged            |    64 |    14 ||    78
